 Dungeon Crawl Stone Soup version 0.29-a0-23-ga79f92ac9c (webtiles) character file.

Game seed: 15174365604422316883

114182 oldriver the Warrior (level 16, -8/160 HPs)
             Began as a Hill Orc Gladiator on Jan 31, 2022.
             Was the Champion of Beogh.
             Mangled by a tyrant leech (18 damage)
             ... on level 3 of the Swamp.
             The game lasted 01:09:36 (29392 turns).

oldriver the Warrior (Hill Orc Gladiator)          Turns: 29392, Time: 01:09:36

Health: -8/160     AC: 20    Str: 34    XL:     16   Next: 29%
Magic:  16/16      EV:  8    Int:  8    God:    Beogh [******]
Gold:   1752       SH: 20    Dex: 12    Spells: 15/15 levels left

rFire   + + .      SeeInvis +   G - +7 mace "Dygem" {vamp, Fly rPois Will+}
rCold   . . .      Faith    .   O - +2 tower shield {rF+}
rNeg    . . .      Spirit   .   Z - +6 plate armour {Will+}
rPois   +          Reflect  .   f - +2 helmet {SInv}
rElec   .          Harm     .   S - scarf {shadows}
rCorr   .          Rampage  ∞   c - +0 pair of gloves
Will    +++..                   b - +3 pair of seven-league boots {Rampage+∞}
Stlth   ..........              j - amulet "Vippu" {Regen+ Str+3 SInv}
HPRegen 1.16/turn               i - ring of protection from fire
MPRegen 0.15/turn               m - +6 ring of strength

@: corroded, flying, unable to read
A: walk on water, inability to read while threatened
}: 1/15 runes: gossamer
a: Renounce Religion, Smiting, Recall Orcish Followers, Give Item to Named
Follower, Resurrection


You were on level 3 of the Swamp.
You worshipped Beogh.
Beogh was exalted by your worship.
You visited 5 branches of the dungeon, and saw 27 of its levels.
You visited the Abyss 1 time.
You also visited: Ice Cave and Volcano.

You collected 2695 gold pieces.
You spent 943 gold pieces at shops.

Inventory:

Hand Weapons
 G - the +7 mace "Dygem" (weapon) {vamp, Fly rPois Will+}
   (You bought it in a shop on level 8 of the Dungeon)

   It occasionally heals its wielder for a portion of the damage dealt when it
   wounds a living foe.
   rPois:     It protects you from poison.
   Fly:       It grants you flight.
   Will:      It increases your willpower.
Missiles
 d - 27 poisoned darts (quivered)
 I - 5 throwing nets
 R - 171 bolts
Armour
 b - the +3 pair of seven-league boots (worn) {Rampage+∞}
   (You found it on level 4 of the Spider Nest)

   Its wearer moves as far as possible in that direction when moving towards
   enemies.
 c - a +0 pair of gloves (worn)
 f - a +2 helmet of see invisible (worn)
 O - a +2 tower shield of fire resistance (worn)
 S - a scarf of shadows (worn)
 Z - a +6 plate armour of willpower (worn)
Magical Staves
 l - a staff of death
Jewellery
 i - a ring of protection from fire (left hand)
 j - the amulet "Vippu" (around neck) {Regen+ Str+3 SInv}
   (You acquired it on level 4 of the Dungeon)

   [amulet of regeneration]

   Str:       It affects your strength (+3).
   SInv:      It lets you see invisible.
   Regen:     It increases your rate of health regeneration.
 m - a +6 ring of strength (right hand)
 z - a ring of poison resistance
Wands
 e - a wand of acid (4)
 h - a wand of mindburst (14)
 n - a wand of flame (36)
 v - a wand of charming (2)
 D - a wand of polymorph (12)
 M - a wand of digging (9)
 V - a wand of iceblast (4)
Scrolls
 k - 2 scrolls of brand weapon
 q - 2 scrolls of vulnerability
 t - 4 scrolls of teleportation
 u - a scroll of blinking
 w - 3 scrolls of amnesia
 x - a scroll of silence
 y - 14 scrolls of identify
 C - 5 scrolls of fog
 K - a scroll of enchant weapon
 N - 3 scrolls of magic mapping
 T - 3 scrolls of fear
 X - 2 scrolls of holy word
Potions
 a - a potion of heal wounds
 g - 3 potions of resistance
 o - 9 potions of magic
 p - 4 potions of flight
 r - 2 potions of attraction
 s - 8 potions of haste
 A - 2 potions of might
 B - 6 potions of curing
 E - 3 potions of mutation
 F - 16 potions of degeneration
 J - 2 potions of cancellation
 L - 2 potions of brilliance
 P - a potion of berserk rage
 U - 2 potions of invisibility
 W - a potion of experience {unknown}
 Y - 4 potions of ambrosia
Miscellaneous
 H - a box of beasts


   Skills:
 + Level 19.2 Fighting
 - Level 15.4(17.4) Axes
 + Level 11.4(14.0) Maces & Flails
 - Level 3.0 Throwing
 - Level 15.0 Armour
 + Level 5.2 Dodging
 - Level 15.0 Shields


You had 15 spell levels left.
You didn't know any spells.
Your spell library contained the following spells:

 Spells                   Type           Power      Damage    Failure   Level
 Slow                     Hex            0%         N/A       100%        1
 Sting                    Tmut/Pois      0%         1d3       100%        1
 Corpse Rot               Necr/Air       0%         N/A       100%        2
 Ensorcelled Hibernation  Hex/Ice        0%         N/A       100%        2
 Passwall                 Tmut/Erth      0%         N/A       100%        2
 Poisonous Vapours        Pois/Air       0%         N/A       100%        2
 Static Discharge         Conj/Air       0%         N/A       100%        2
 Sublimation of Blood     Necr           0%         N/A       100%        2
 Wereblood                Tmut           0%         N/A       100%        2
 Call Canine Familiar     Summ           0%         N/A       100%        3
 Confusing Touch          Hex            0%         N/A       100%        3
 Portal Projectile        Hex/Tloc       0%         N/A       100%        3
 Swiftness                Air            0%         N/A       100%        3
 Tukima's Dance           Hex            0%         N/A       100%        3
 Vampiric Draining        Necr           0%         2d6       100%        3
 Dispel Undead            Necr           0%         3d6       100%        4
 Leda's Liquefaction      Hex/Erth       0%         N/A       100%        4
 Olgreb's Toxic Radiance  Pois           0%         N/A       100%        4
 Passage of Golubria      Tloc           0%         N/A       100%        4
 Sticky Flame             Conj/Fire      0%         2d3       100%        4
 Summon Forest            Summ/Tloc      0%         N/A       100%        5
 Yara's Violent Unravell  Hex/Tmut       0%         3d3       100%        5
 Eringya's Noxious Bog    Tmut/Pois      0%         N/A       100%        6
 Summon Hydra             Summ           0%         N/A       100%        7
 Chain Lightning          Conj/Air       0%         N/A       100%        9
 Fire Storm               Conj/Fire      0%         5d1       100%        9
 Shatter                  Erth           0%         3d5*      100%        9


Dungeon Overview and Level Annotations

Branches:
Dungeon (12/15)            Temple (0/1) D:4            Lair (6/6) D:10
  Swamp (3/4) Lair:3       Spider (4/4) Lair:2        Slime (0/5) Lair:6
    Orc (2/2) D:11            Elf (0/3) Orc:2         IceCv (visited)
Volcano (visited)

Altars:
Ashenzari
Sif Muna
Trog
Yredelemnul
Jiyva

Shops:
D:8 (   D:9 *   D:12 [   Orc:1 !((   Orc:2 (

Portals:
Trove: D:12 (give +8 demon trident)

Annotations:
D:4 Edmund
D:11 Gastronok
Lair:1 1 runed translucent door, knot's ghost, journeyman DsBe
Lair:3 3 runed translucent doors, Jempith's ghost, journeyman MiFi; hatsuma's ghost, journeyman DrCj
Swamp:1 2 transporters, a11behringer's ghost, adept MiBe
Spider:4 3 runed translucent doors, Pooter's ghost, adept MiBe
Orc:1 3 runed translucent doors, Dootley's ghost, journeyman FoFi


Innate Abilities, Weirdness & Mutations

You can walk on water.
You sometimes lose the ability to read scrolls when taking damage.


Message History

You are too injured to fight recklessly!
You are too injured to fight recklessly!
You are too injured to fight recklessly!
You are too injured to fight recklessly!
You are too injured to fight recklessly!
You are too injured to fight recklessly!
You are too injured to fight recklessly!
You are too injured to fight recklessly!
You are too injured to fight recklessly!
You are too injured to fight recklessly!
You are too injured to fight recklessly!
You are too injured to fight recklessly!
You are too injured to fight recklessly!
You are too injured to fight recklessly!
Unknown command.
You can read scrolls again.
The goliath frog hits you from afar!!
You feel threatened and lose the ability to read scrolls!
* * * LOW HITPOINT WARNING * * *
You are splashed with acid!
* * * LOW HITPOINT WARNING * * *
You block the goliath frog's attack. You block the goliath frog's attack.
You block the goliath frog's attack.
You can read scrolls again.
The tyrant leech bites you but does no damage.
You block the goliath frog's attack.
The tyrant leech no longer looks unusually strong.
The goliath frog no longer looks unusually strong.
There is a stone staircase leading up here.
You block the goliath frog's attack.
The bloated husk explodes!
The blast of putrescent gases engulfs the goliath frog!!!
The goliath frog dies!
The blast of putrescent gases engulfs you!!
You feel threatened and lose the ability to read scrolls!
* * * LOW HITPOINT WARNING * * *
The blast of putrescent gases engulfs the tyrant leech!!!
The tyrant leech bites you!!
You die...

♣♣♣♣ ♣≈.♣♣♣♣ ♣♣
♣♣≈♣≈≈≈♣♣ ♣≈♣♣
♣♣≈≈♣♣.≈.♣♣.♣≈♣
♣≈≈≈♣♣♣)♣....♣
♣♣.♣♣♣..)..♣♣
♣.♣♣..§§≈.♣
♣♣≈♣≈≈≈≈w.♣♣ ..♣
♣♣.≈≈≈≈≈≈≈@.♣
...♣♣♣♣≈.≈...≈♣♣.♣♣
..≈≈.≈≈≈....≈.♣♣.♣
≈≈≈.≈≈≈.≈≈.≈§♣♣♣♣)
≈≈...≈≈≈≈.≈≈♣♣ .♣
≈≈.≈...≈≈.≈♣♣ ♣≈
≈§≈≈.≈≈≈†.♣♣ ≈♣
≈..≈...≈≈≈♣
.§≈≈≈≈..≈.♣


You could see a tyrant leech.

Vanquished Creatures
  5 ghost moths
  2 bunyips
  4 hydras
  A boulder beetle (D:11)
  2 catoblepae (Lair:6)
  2 ghost crabs
  A dancing weapon (Volcano)
  3 alligators (Swamp:1)
  2 two-headed ogres
  A spriggan berserker (Lair:3)
  3 spriggans
  A pharaoh ant (Spider:2)
  A steelbarb worm (Spider:4)
  A sun moth (Spider:4)
  2 orb spiders
  2 spriggan druids
  2 goliath frogs
  2 swamp dragons
  A lindwurm (Lair:6)
  3 bog bodies
  5 wizards (Volcano)
  8 wolf spiders
  A cyclops (D:11)
  A manticore (Lair:6)
  6 elephants (Lair:5)
  A black mamba (Lair:5)
  5 toenail golems (Volcano)
  3 cane toads (Lair:6)
  A torpor snail (Spider:3)
  2 unseen horrors
  3 rime drakes
  2 demonic crawlers
  3 komodo dragons
  Psyche (D:8)
  2 ice devils
  An entropy weaver simulacrum (IceCv)
  2 meliai
  4 hornets
  A polar bear (Lair:2)
  5 tyrant leeches
  3 trolls
  6 blink frogs
  Prince Ribbit (D:9)
  5 tarantellas
  Grinder (D:4)
  A raiju (Abyss:2)
  A slime creature (D:12)
  2 jumping spiders (Spider:2)
  A meliai zombie (D:10)
  A shadow (D:10)
  2 wyverns (Lair:6)
  3 culicivoras
  19 yaks
  Grum (D:9)
  2 basilisks
  14 redbacks
  3 vampire mosquitoes (Swamp:2)
  13 swamp worms
  3 acid dragons
  15 water moccasins
  2 swamp drakes
  An ice beast (D:5)
  2 sky beasts
  7 orc warriors
  9 wolves
  3 ogres
  4 centaurs
  9 bullfrogs
  A two-headed ogre simulacrum (IceCv)
  A water moccasin zombie (D:6)
  A wyvern zombie (D:6)
  4 scorpions
  A water moccasin skeleton (D:4)
  A jelly (D:7)
  11 killer bees
  10 wights
  7 howler monkeys (D:9)
  5 electric eels
  2 centaur zombies
  6 orc priests
  Terence (D:3)
  5 iguanas
  8 orc wizards
  A polar bear simulacrum (IceCv)
  3 hell rats (Lair:4)
  A spriggan simulacrum (IceCv)
  A killer bee zombie (D:6)
  A howler monkey skeleton (D:5)
  A gnoll (D:1)
  11 adders
  A naga simulacrum (IceCv)
  2 white imps
  2 ufetubi (IceCv)
  3 worms
  5 dart slugs
  38 orcs
  5 ball pythons
  8 bats
  8 endoplasms
  2 giant cockroaches (D:2)
  11 goblins
  6 hobgoblins
  6 kobolds
  4 quokkas
  3 frilled lizards
  3 rats
422 creatures vanquished.

Vanquished Creatures (collateral kills)
  Arachne (Spider:2)
  3 emperor scorpions
  An orc warlord (Orc:2)
  5 entropy weavers
  A spark wasp (Spider:2)
  An ettin (Orc:2)
  Harold (Orc:1)
  4 boulder beetles
  5 hydras
  Erolcha (D:12)
  An alligator (Swamp:1)
  4 radroaches
  A two-headed ogre (Orc:1)
  3 orc high priests (Orc:2)
  A death drake (Swamp:1)
  4 pharaoh ants
  5 steelbarb worms
  6 orb spiders
  A lindwurm (Lair:2)
  4 orc knights
  2 orc sorcerers (Orc:2)
  A cyclops (D:12)
  10 wolf spiders
  A manticore (Lair:6)
  5 elephants (Lair:5)
  2 moths of wrath
  A centaur zombie (D:11)
  2 black mambas (Lair:6)
  4 torpor snails
  4 demonic crawlers
  3 cane toads
  6 komodo dragons
  2 unseen horrors (D:12)
  2 rime drakes
  An ice devil (D:12)
  2 tyrant leeches (Lair:3)
  3 trolls
  A wolf spider simulacrum (D:12)
  6 blink frogs
  7 meliai
  19 tarantellas
  2 slime creatures (D:12)
  30 jumping spiders
  5 yaks
  18 culicivoras
  5 basilisks
  A wyvern (Lair:5)
  20 redbacks
  A vampire mosquito (Swamp:1)
  A warg (Orc:2)
  2 swamp worms (Lair:3)
  6 water moccasins
  2 orc warriors (Orc:2)
  A black bear (Lair:2)
  2 ogres (Orc:1)
  2 bullfrogs
  A scorpion (D:4)
  2 electric eels
  5 orc priests
  4 orc wizards
  4 hell rats (Lair:4)
  11 orcs
262 creatures vanquished.

Vanquished Creatures (others)
  An orc warlord (Spider:2)
  9 orc knights
  A broodmother (Spider:2)
  4 orc sorcerers
  An alligator (Swamp:2)
  A goliath frog (Swamp:3)
  A bloated husk (Swamp:3)
  A hornet (Swamp:2)
  A culicivora (Spider:2)
  A vampire (D:12)
  A spriggan (Swamp:2)
  9 orc wizards
  A swamp worm (Swamp:2)
  A water moccasin (Lair:5)
  8 orc warriors
  6 orc priests
  38 orcs
  2 foxfires (Abyss:4)
  38 fungi
  31 plants
  6 withered plants (Lair:3)
162 creatures vanquished.

Grand Total: 846 creatures vanquished

Notes
Turn   | Place    | Note
-------+----------+-------------------------------------------
     0 | D:1      | oldriver the Hill Orc Gladiator began the quest for the
                  | Orb.
     0 | D:1      | Reached XP level 1. HP: 18/18 MP: 1/1
   165 | D:1      | Reached XP level 2. HP: 22/25 MP: 2/2
   387 | D:1      | Reached skill level 1 in Armour
   573 | D:1      | Reached skill level 3 in Fighting
   576 | D:1      | Reached XP level 3. HP: 13/31 MP: 3/3
  1128 | D:1      | Found a faded altar of an unknown god.
  1994 | D:2      | Reached XP level 4. HP: 26/38 MP: 4/4
  2453 | D:2      | Identified the +2 leather armour of the Ecumenical Temple
                  | {Fly rElec rF+ Int-4}
  2918 | D:3      | Noticed Terence
  2940 | D:3      | Killed Terence
  2941 | D:3      | Reached skill level 4 in Fighting
  2941 | D:3      | Reached XP level 5. HP: 21/46 MP: 5/5
  3387 | D:3      | Became a worshipper of Beogh the Brigand
  3828 | D:4      | Found a staircase to the Ecumenical Temple.
  4038 | D:4      | Reached * piety under Beogh
  4058 | D:4      | Reached skill level 5 in Fighting
  4058 | D:4      | Reached XP level 6. HP: 55/56 MP: 6/6
  4204 | D:4      | Noticed Grinder
  4328 | D:4      | Noticed Edmund
  4349 | D:3      | Reached skill level 5 in Axes
  4349 | D:3      | Reached XP level 7. HP: 15/61 MP: 7/7
  4669 | D:4      | Killed Grinder
  4670 | D:4      | Reached skill level 6 in Fighting
  4670 | D:4      | Reached skill level 5 in Armour
  5134 | D:4      | Identified a scroll of acquirement
  5135 | D:4      | Acquired the amulet "Vippu" {Regen+ Str+3 SInv}
  5181 | D:5      | Entered Level 5 of the Dungeon
  5391 | D:5      | Reached skill level 7 in Fighting
  5412 | D:5      | Reached XP level 8. HP: 73/73 MP: 8/8
  5565 | D:5      | You are sucked into a shaft and drop 2 floors!
  5696 | D:6      | Reached skill level 1 in Shields
  5823 | D:6      | Reached ** piety under Beogh
  5909 | D:6      | Noticed an unseen horror
  6078 | D:5      | Noticed a hornet
  6088 | D:5      | Paralysed by a hornet for 1 turns
  6090 | D:5      | Killed a hornet
  6091 | D:5      | Reached skill level 8 in Fighting
  6335 | D:5      | Reached XP level 9. HP: 81/81 MP: 9/9
  6484 | D:6      | Reached skill level 5 in Shields
  6720 | D:6      | Killed an unseen horror
  6769 | D:6      | Reached skill level 9 in Fighting
  6862 | D:6      | Noticed a green ugly thing
  7843 | D:8      | Noticed Psyche
  7959 | D:8      | Killed Psyche
  8000 | D:8      | Reached XP level 10. HP: 93/93 MP: 10/10
  8083 | D:8      | Found Biokhike's Weapon Shop.
  8155 | D:9      | Reached skill level 10 in Fighting
  8505 | D:9      | Noticed a two-headed ogre
  8513 | D:9      | Killed a two-headed ogre
  8513 | D:9      | Reached *** piety under Beogh
  8530 | D:9      | Noticed Grum
  8552 | D:9      | Killed Grum
  8553 | D:9      | Reached skill level 10 in Axes
  8622 | D:9      | Noticed Prince Ribbit
  8636 | D:9      | Killed Prince Ribbit
  8681 | D:9      | Found Kob Koyli's Serpentskin Sales.
  9091 | D:10     | Entered Level 10 of the Dungeon
  9095 | D:10     | Noticed an unseen horror
  9102 | D:10     | Killed an unseen horror
  9171 | D:10     | Reached skill level 11 in Fighting
  9345 | D:10     | Found a staircase to the Lair.
  9359 | D:10     | Noticed a two-headed ogre
  9375 | D:10     | Killed a two-headed ogre
  9376 | D:10     | Reached XP level 11. HP: 72/102 MP: 11/11
  9723 | D:10     | Reached skill level 10 in Armour
  9733 | D:10     | Found a basalt altar of Yredelemnul.
  9798 | Lair:1   | Entered Level 1 of the Lair of Beasts
  9804 | Lair:1   | Found a runed translucent door.
  9804 | Lair:1   | Noticed knot's ghost (journeyman DsBe)
  9898 | Lair:1   | Reached skill level 10 in Shields
 10105 | Lair:1   | Reached **** piety under Beogh
 10105 | Lair:1   | Gained Garbold as an ally
 10159 | Lair:1   | Found a dark tunnel.
 10164 | Volcano  | Entered a volcano
 10171 | Volcano  | Noticed a wizard
 10187 | Volcano  | Killed a wizard
 10200 | Volcano  | Noticed a wizard
 10212 | Volcano  | Killed a wizard
 10215 | Volcano  | Reached skill level 12 in Fighting
 10240 | Volcano  | Noticed a wizard
 10250 | Volcano  | Killed a wizard
 10291 | Volcano  | Noticed a +0 mace of flaming
 10313 | Volcano  | Killed a +0 mace of flaming
 10395 | Volcano  | Noticed a wizard
 10395 | Volcano  | Noticed a wizard
 10407 | Volcano  | Killed a wizard
 10410 | Volcano  | Cast into level 2 of the Abyss (a wizard)
 10410 | Abyss:2  | Found a corrupted altar of Lugonu.
 10423 | Abyss:2  | Noticed a lorocyproca
 10520 | Abyss:2  | Noticed a bone dragon
 10553 | Abyss:3  | Noticed a large abomination
 10560 | Abyss:3  | Noticed a will-o-the-wisp
 10580 | Abyss:3  | Noticed a lich
 10600 | Abyss:4  | Noticed a shard shrike zombie
 10634 | Abyss:4  | Noticed a great orb of eyes
 10637 | Abyss:4  | Noticed a will-o-the-wisp
 10641 | Volcano  | Escaped the Abyss
 10649 | Volcano  | Killed a wizard
 10650 | Volcano  | Reached skill level 13 in Fighting
 10972 | Lair:1   | Reached XP level 12. HP: 59/115 MP: 12/12
 11856 | Lair:1   | Noticed an eight-headed hydra
 11862 | Lair:1   | Killed an eight-headed hydra
 11863 | Lair:1   | Reached skill level 14 in Fighting
 12150 | Lair:2   | Noticed a seven-headed hydra
 12161 | Lair:2   | Killed a seven-headed hydra
 12183 | Lair:2   | Reached skill level 15 in Axes
 12372 | Lair:2   | Identified the +5 hand crossbow of the Skies Above {elec,
                  | rPois Int+2}
 12417 | Lair:2   | Reached skill level 15 in Fighting
 12988 | Lair:2   | Found a hole to the Spider Nest.
 13567 | Lair:3   | Found a broken altar of Ashenzari.
 13642 | Lair:3   | Found a runed translucent gate.
 13642 | Lair:3   | Found a runed translucent gate.
 13643 | Lair:3   | Found a runed translucent gate.
 13644 | Lair:3   | Noticed hatsuma's ghost (journeyman DrCj)
 13644 | Lair:3   | Noticed Jempith's ghost (journeyman MiFi)
 13759 | Lair:3   | Found a staircase to the Swamp.
 13792 | Lair:3   | Your ally Garbold died
 14156 | D:11     | Noticed a boulder beetle
 14241 | D:11     | Killed a boulder beetle
 14311 | D:11     | Noticed Gastronok
 14509 | D:11     | Reached ***** piety under Beogh
 14514 | D:11     | Found a staircase to the Orcish Mines.
 14663 | D:11     | Reached skill level 1 in Maces & Flails
 14735 | D:11     | Noticed a five-headed hydra
 14744 | D:11     | Killed a seven-headed hydra
 14745 | D:11     | Reached XP level 13. HP: 75/127 MP: 13/13
 16865 | Lair:5   | Gained Ognian as an ally
 17001 | Lair:5   | Reached skill level 16 in Fighting
 17337 | Lair:5   | Identified the +5 hunting sling "Lilih" {speed, +Blink
                  | Str+2}
 17443 | Lair:6   | Entered Level 6 of the Lair of Beasts
 17451 | Lair:6   | Found a staircase to the Slime Pits.
 17452 | Lair:6   | Found a viscous altar of Jiyva.
 17624 | Lair:6   | Reached skill level 5 in Maces & Flails
 18440 | Lair:6   | Reached XP level 14. HP: 138/138 MP: 14/14
 18817 | Orc:1    | Entered Level 1 of the Orcish Mines
 18817 | Orc:1    | Noticed Dootley's ghost (journeyman FoFi)
 18817 | Orc:1    | Found a runed translucent gate.
 18817 | Orc:1    | Found a runed translucent gate.
 18817 | Orc:1    | Found a runed translucent gate.
 18827 | Orc:1    | Reached ****** piety under Beogh
 18844 | Orc:1    | Found Suucva Ybowo's Antique Weapon Shop.
 18880 | Orc:1    | Found Cagheur's Antique Weapon Boutique.
 19176 | Orc:1    | Noticed Harold
 19187 | Orc:1    | Killed Harold
 19343 | Orc:1    | Found Oxkiolua's Distillery.
 19930 | Orc:2    | Entered Level 2 of the Orcish Mines
 19930 | Orc:2    | Found Zuafov's Weapon Boutique.
 20172 | Orc:2    | Noticed an orc warlord
 20180 | Orc:2    | Killed an orc warlord
 20424 | Orc:2    | Found a staircase to the Elven Halls.
 20576 | Orc:2    | Your ally Ognian died
 20829 | D:12     | Found a portal to a secret trove of treasure.
 20906 | D:12     | Found a frozen archway.
 20929 | IceCv    | Entered an ice cave
 21109 | D:12     | Reached skill level 17 in Fighting
 21287 | D:12     | Noticed Erolcha
 21294 | D:12     | Killed Erolcha
 21340 | D:12     | Found Fumamun's Antique Armour Shoppe.
 21349 | D:12     | Identified the +1 robe "Ovei" {+Inv rCorr}
 21474 | D:12     | Found a shimmering blue altar of Sif Muna.
 21595 | D:8      | Bought the +7 mace "Dygem" {vamp, Fly rPois Will+} for 943
                  | gold pieces
 21975 | Spider:1 | Entered Level 1 of the Spider Nest
 22175 | Spider:1 | Gained Borgoth as an ally
 22310 | Spider:1 | Noticed a ghost moth
 22334 | Spider:1 | Killed a ghost moth
 22818 | Spider:1 | Noticed an emperor scorpion
 22833 | Spider:1 | Killed an emperor scorpion
 23247 | Spider:2 | Noticed a ghost moth
 23270 | Spider:1 | Killed a ghost moth
 23602 | Spider:2 | Reached XP level 15. HP: 86/148 MP: 15/15
 23695 | Spider:2 | Noticed Arachne
 23708 | Spider:2 | Killed Arachne
 23711 | Spider:2 | Noticed a ghost moth
 23729 | Spider:2 | Killed a ghost moth
 23869 | Spider:2 | Reached skill level 15 in Shields
 23899 | Spider:2 | Your ally Borgoth died
 23944 | Spider:2 | Reached skill level 18 in Fighting
 24528 | Spider:3 | Gained Borgoth as an ally
 24537 | Spider:3 | Gained Garbold as an ally
 25250 | Spider:4 | Entered Level 4 of the Spider Nest
 25603 | Spider:4 | Gained mutation: You sometimes lose the ability to read
                  | scrolls when taking damage. [mutagenic glow]
 25823 | Spider:4 | Reached skill level 10 in Maces & Flails
 26198 | Spider:4 | Found a runed translucent gate.
 26198 | Spider:4 | Found a runed translucent gate.
 26198 | Spider:4 | Found a runed translucent gate.
 26201 | Spider:4 | Noticed an emperor scorpion
 26201 | Spider:4 | Noticed Pooter's ghost (adept MiBe)
 26368 | Spider:4 | Gained Boldo as an ally
 26439 | Spider:4 | Noticed an emperor scorpion
 26449 | Spider:4 | Killed an emperor scorpion
 26450 | Spider:4 | Noticed an emperor scorpion
 26450 | Spider:4 | Your ally Boldo died
 26462 | Spider:4 | Killed an emperor scorpion
 26472 | Spider:4 | Noticed a ghost moth
 26474 | Spider:4 | Noticed a ghost moth
 26485 | Spider:4 | Found the +3 pair of seven-league boots {Rampage+∞}
 26489 | Spider:4 | Your ally Borgoth died
 26497 | Spider:4 | Got a gossamer rune of Zot
 26502 | Spider:4 | Your ally Garbold died
 26775 | Spider:4 | Killed a ghost moth
 26782 | Spider:4 | Killed a ghost moth
 27184 | Swamp:1  | Entered Level 1 of the Swamp
 27460 | Swamp:1  | Gained Orik as an ally
 27605 | Swamp:1  | Gained Geork as an ally
 27612 | Swamp:1  | Reached XP level 16. HP: 151/159 MP: 16/16
 27630 | Swamp:1  | Your ally Geork died
 27746 | Swamp:1  | Your ally Orik died
 27836 | Swamp:1  | Noticed a11behringer's ghost (adept MiBe)
 27845 | Swamp:1  | Found a transporter.
 27875 | Swamp:1  | Reached skill level 19 in Fighting
 27882 | Swamp:1  | Found a transporter.
 28343 | Swamp:2  | Reached skill level 15 in Armour
 28873 | Swamp:2  | Found a bloodstained altar of Trog.
 29058 | Swamp:2  | Reached skill level 5 in Dodging
 29294 | Swamp:3  | Identified the +7 dagger "Cajyfot" {protect, rPois Int+2}
 29392 | Swamp:3  | Mangled by a tyrant leech

Illustrated notes

Levels and vault maps discovered:
D:1:      nagdon_arrival_zigzag_paths, layout_loops_ring,
          dreamdust_ecumenical_altar_angels_and_demons, serial_forest,
          infiniplex_forest_zigzag_2, infiniplex_forest_lined_3,
          infiniplex_forest_corner_1, infiniplex_forest_clump_small,
          infiniplex_forest_end_2, infiniplex_forest_side_room,
          infiniplex_forest_lined_3, infiniplex_forest_end_1,
          chequers_mini_garden, st_stairs_1
D:2:      layout_basic
D:3:      layout_rooms, chequers_garden, chequers_serial_rivers_room_a,
          uniq_terence
D:4:      layout_basic, minmay_temple_entry_trees, minmay_misc_feat_x,
          minmay_manual_mess, uniq_edmund, uniq_grinder
D:5:      layout_basic, st_stairs_8, hangedman_decor_clover_reticule
D:6:      layout_loops_ring, grunt_ministairs_9
D:7:      layout_basic, minivault_14
D:8:      layout_rooms, serial_shops, shop, uniq_psyche
D:9:      layout_gridville, guppyfry_shop_venom, uniq_grum, uniq_prince_ribbit1
D:10:     layout_basic, mainiacjoe_overflow_alcove_2, lair_entry_dummy,
          minmay_misc_feat_hallway, amcnicky_mini_rare_corridor_liquid
D:11:     layout_gridville, erik_orc_1, grunt_ministairs_3, uniq_gastronok
D:12:     layout_roguey, enter_trove_6, portal_ice_cave_demonic_guard,
          serial_shops, nicolae_diamond_shop, hangedman_decor_growths, tgw_sif,
          uniq_erolcha
Lair:1:   layout_cave_shapes, nicolae_volcano_entry_s_turn,
          ebering_ghost_reflecting_pool
Lair:2:   nzn_winding_woodlands_cross [nzn_winding_woodlands_5x15_jagged,
          nzn_winding_woodlands_5x15_sawtooth,
          nzn_winding_woodlands_5x15_crooked,
          nzn_winding_woodlands_5x15_lazy_stream,
          nzn_winding_woodlands_15x15_eel_pit], layout_loops_ring,
          spider_nest_entry_a
Lair:3:   layout_cellular_growth, minmay_swamp_entry_worms,
          gammafunk_ghost_cemetery, basic_altar, st_stairs_3,
          serial_bayou_shore_b, infiniplex_staircase_pool
Lair:4:   layout_loops_ring, grunt_megastairs_3, lemuel_fruit_tree
Lair:5:   layout_gridlike, serial_bayou_shore_b, lemuel_fruit_fields,
          serial_bayou_shore_a, grunt_megastairs_2, serial_bayou_shore_b
Lair:6:   hangedman_lair_in_review, layout_hall_layers, slime_altar_1
Swamp:1:  layout_basic_swamp, gammafunk_ghost_wrathful_warriors,
          nicolae_swamp_tree_isthmus
Swamp:2:  layout_basic_swamp, nicolae_swamp_godswood
Swamp:3:  layout_falls_marsh, nicolae_swamp_feature_on_the_river_bank
Spider:1: nicolae_spider_hilbert_zone_1 [nicolae_spider_hilbert_4_sides_1_open,
          nicolae_spider_hilbert_4_sides_1_open,
          nicolae_spider_hilbert_4_sides_1_open,
          nicolae_spider_hilbert_4_sides_1_open,
          nicolae_spider_hilbert_3_sides_1_open,
          nicolae_spider_hilbert_3_sides_1_open,
          nicolae_spider_hilbert_3_sides_1_open,
          nicolae_spider_hilbert_3_sides_1_open,
          nicolae_spider_hilbert_3_sides_1_open,
          nicolae_spider_hilbert_6_sides_1_open,
          nicolae_spider_hilbert_6_sides_1_open,
          nicolae_spider_hilbert_3_sides_1_open,
          nicolae_spider_hilbert_3_sides_1_open,
          nicolae_spider_hilbert_3_sides_1_open,
          nicolae_spider_hilbert_3_sides_1_open,
          nicolae_spider_hilbert_2_sides_1_open]
Spider:2: layout_spider_delve, uniq_arachne
Spider:3: layout_spider_delve, hangedman_spider_tarantella_strand
Spider:4: grunt_spider_rune_parallel, gammafunk_ghost_tricky_traps,
          nicolae_spider_wall_of_niches
Orc:1:    layout_caves, gammafunk_ghost_necromancy, serial_shops, shop,
          nicolae_shop_trees, nicolae_diamond_shop, nicolae_orc_lava_room,
          uniq_harold
Orc:2:    grunt_orc_tribal_feast, layout_caves, serial_shops,
          nicolae_shop_bloodbath_and_beyond, nicolae_orc_rockfall

Skill      XL: |  1  2  3  4  5  6  7  8  9 10 11 12 13 14 15 16 |
---------------+-------------------------------------------------+-----
Throwing       | 2 3 |  3.0
Armour         | 1 2 3 4 5 6 8 9 10 12 13 14 15 | 15.0
Fighting       | 3 4 5 7 8 9 11 13 15 16 17 18 19 | 19.2
Axes           | 5 7 9 10 13 15 | 15.4
Dodging        | 3 4 5 |  5.2
Shields        | 4 6 9 10 11 13 14 15 | 15.0
Maces & Flails | 1 6 8 10 11 | 11.4

Action                   |  1- 3 |  4- 6 |  7- 9 | 10-12 | 13-15 | 16-18 || total
-------------------------+-------+-------+-------+-------+-------+-------++-------
Melee: War axe           |    94 |   142 |   247 |   382 |    38 |       ||   903
       Punch             |     2 |     1 |       |       |       |       ||     3
       Unarmed           |       |       |     3 |       |       |       ||     3
       Flail             |       |       |       |   187 |   401 |       ||   588
       Mace              |       |       |       |       |   606 |   253 ||   859
Throw: Throwing net      |     3 |       |       |       |     2 |       ||     5
       Dart              |     5 |    13 |     1 |     8 |     4 |       ||    31
Invok: Convert to Beogh  |       |     1 |       |       |       |       ||     1
       Recall Orcish Fol |       |       |       |     3 |    15 |       ||    18
       Give Item to Name |       |       |       |       |     2 |       ||     2
       Stop Recall       |       |       |       |       |     6 |       ||     6
       Resurrection      |       |       |       |       |     1 |       ||     1
       Smiting           |       |       |       |       |     1 |       ||     1
Evoke: Wand              |       |       |       |       |     8 |       ||     8
       Box of beasts     |       |       |       |       |     2 |       ||     2
  Use: Potion            |     1 |       |     3 |     2 |     1 |     1 ||     8
       Scroll            |       |     8 |     8 |     8 |    15 |     1 ||    40
 Stab: Sleeping          |     1 |       |     2 |       |       |       ||     3
       Held in net/web   |     1 |       |       |       |       |       ||     1
       Paralysed         |       |       |       |     2 |       |       ||     2
       Confused          |       |       |       |     1 |       |       ||     1
       Distracted        |       |       |       |       |     5 |     1 ||     6
Armor: Leather armour    |    61 |    54 |    98 |    24 |       |       ||   237
       Skin              |       |       |     1 |       |       |       ||     1
       Plate armour      |       |       |       |   376 |   751 |   182 ||  1309
Dodge: Dodged            |    95 |   102 |   142 |   256 |   295 |    63 ||   953
Block: Buckler           |       |       |    33 |   168 |       |       ||   201
       Tower shield      |       |       |       |   123 |  1270 |   335 ||  1728

Table legend: (Time is in decaauts)
 A = Elapsed time spent in this place.
 B = Non-inter-level travel time spent in this place.
 C = Inter-level travel time spent in this place.
 D = Time resting spent in this place.
 E = Time spent auto-exploring this place.
 F = Levels seen in this place.
 G = Mean time per level.
                   A        B        C        D        E       F      G
               +--------+--------+--------+--------+--------+-----+--------+
         Total |  29596 |  27568 |   2028 |   5857 |  14586 |  32 |  924.9 |
       Dungeon |  12334 |  11581 |    753 |   2391 |   6099 |  12 | 1027.8 |
          Lair |   7459 |   6509 |    950 |    873 |   4194 |   6 | 1243.2 |
         Swamp |   1957 |   1931 |     26 |    349 |   1083 |   3 |  652.3 |
   Spider Nest |   5153 |   4869 |    284 |   1368 |   2240 |   4 | 1288.2 |
  Orcish Mines |   1809 |   1796 |     13 |    718 |    794 |   2 |  904.5 |
         Abyss |    229 |    229 |      0 |     18 |      0 |   3 |   76.3 |
      Ice Cave |    119 |    119 |      0 |      2 |     16 |   1 |  119.0 |
       Volcano |    533 |    533 |      0 |    138 |    159 |   1 |  533.0 |
               +--------+--------+--------+--------+--------+-----+--------+

Top non-repeatable levels by time:
Spider:4: 1671 daAuts
  Lair:1: 1664 daAuts
     D:1: 1631 daAuts
Spider:1: 1565 daAuts
  Lair:2: 1502 daAuts
    D:11: 1382 daAuts
  Lair:3: 1363 daAuts
 Swamp:1: 1271 daAuts
  Lair:6: 1241 daAuts
     D:3: 1239 daAuts
     D:2: 1212 daAuts
     D:4: 1149 daAuts
   Orc:1: 1131 daAuts
     D:9: 1077 daAuts
Spider:2: 1057 daAuts
